 Dungeon Crawl Stone Soup version 0.18.1-50-g88ac8fd (webtiles) character file.

94 Gargoyl the Skirmisher (level 4, -3/37 HPs)
             Began as a Demonspawn Abyssal Knight on Sept 21, 2016.
             Was a Believer of Lugonu.
             Slain by Crazy Yiuf
             ... wielding a +4 quarterstaff of chaos
              (17 damage)
             ... on level 2 of the Dungeon.
             The game lasted 00:04:31 (1960 turns).

Gargoyl the Skirmisher (Demonspawn Abyssal Knight)  Turns: 1960, Time: 00:04:32

Health: -3/37      AC:  7    Str: 18    XL:     4   Next: 38%
Magic:  6/6        EV: 11    Int: 14    God:    Lugonu [**....]
Gold:   54         SH:  0    Dex: 12    Spells: 0 memorised, 3 levels left

rFire  + . .     SeeInvis .     a - +1 hand axe
rCold  . . .     Gourm    .     i - +0 ring mail
rNeg   . . .     Faith    .     (no shield)
rPois  .         Spirit   .     h - +1 helmet
rElec  .         Dismiss  .     (no cloak)
rCorr  .         Reflect  .     (no gloves)
SustAt .         Harm     .     (no boots)
MR     .....                    j - amulet of regeneration
Stlth  ..........               (no ring)
                                (no ring)

@: mighty, lethally poisoned (-3 -> -3), drained, not resistant to hostile
enchantments, extremely unstealthy
A: hooves 2, fire resistance 1
a: Depart the Abyss, Bend Space, Renounce Religion


You were on level 2 of the Dungeon.
You worshipped Lugonu.
Lugonu was pleased with you.
You were not hungry.

You visited 1 branch of the dungeon, and saw 2 of its levels.
You visited the Abyss 1 time.

You collected 54 gold pieces.

Inventory:

Hand Weapons
 a - a +1 hand axe (weapon)
Armour
 h - a +1 helmet (worn)
 i - a +0 ring mail (worn)
Jewellery
 j - an amulet of regeneration (around neck)
Scrolls
 b - 2 scrolls of magic mapping {unknown}
 e - a scroll of identify {unknown}
 g - a scroll of remove curse {unknown}
 k - a scroll of amnesia {unknown}
 l - a scroll of recharging {unknown}
Comestibles
 c - 2 bread rations
 d - a meat ration
 m - 2 chunks of flesh


   Skills:
 + Level 3.7(3.0) Fighting
 + Level 2.2(1.6) Axes
 * Level 2.5(1.9) Armour
 + Level 1.8(1.2) Dodging
 * Level 3.0(2.4) Invocations


You had 3 spell levels left.
You didn't know any spells.

Dungeon Overview and Level Annotations

Branches:
Dungeon (2/15)

Altars:

Annotations:
D:2 Crazy Yiuf


Innate Abilities, Weirdness & Mutations

You have hoof-like feet.
Your flesh is heat resistant.


Message History

Crazy Yiuf hits you but does no damage.
You closely miss Crazy Yiuf.
You feel sick.
Crazy Yiuf hits you with a quarterstaff of chaos.
Drink which item? (? for menu, Esc to quit)
It was a potion of might.
You feel very mighty all of a sudden.
You feel sick. Crazy Yiuf completely misses you.
You hit Crazy Yiuf.
Crazy Yiuf is lightly wounded.
Crazy Yiuf barely misses you.
You slash Crazy Yiuf! Your kick misses Crazy Yiuf.
Crazy Yiuf is severely wounded.
You feel sick. Crazy Yiuf closely misses you.
Crazy Yiuf screams, "Seed cloud song!"
Crazy Yiuf hits you with a quarterstaff of chaos!
You convulse.
You hit Crazy Yiuf but do no damage. You kick Crazy Yiuf.
Crazy Yiuf is severely wounded.
Crazy Yiuf hits you but does no damage.
You are electrocuted!
You die...

###
#....#
♣..PP♣
♣♣P..♣
♣♣.♣♣
♣♣.♣
♣.♣♣
♣♣.♣
♣.♣♣
#@#
#.g.#
#...#
#)..#
#####


You could see Crazy Yiuf.

Vanquished Creatures
  4 gnolls
  An ooze (D:1)
  2 dart slugs
  5 giant geckos
  3 giant cockroaches
  8 hobgoblins
  A ball python (D:1)
  5 bats (D:1)
  A giant newt (D:1)
  4 goblins
  7 kobolds
  3 rats
44 creatures vanquished.

Notes
Turn   | Place    | Note
--------------------------------------------------------------
     0 | Abyss:1  | Gargoyl the Demonspawn Abyssal Knight began the quest for the Orb.
     0 | Abyss:1  | Reached XP level 1. HP: 18/18 MP: 2/2
   122 | Abyss:1  | Found a corrupted altar of Lugonu.
   127 | Abyss:1  | Noticed an ancient zyme
   162 | Abyss:1  | Noticed a golden dragon skeleton
   227 | Abyss:1  | Noticed a fire dragon skeleton
   232 | Abyss:1  | Found a corrupted altar of Lugonu.
   235 | Abyss:1  | Noticed a small abomination
   245 | D:1      | Escaped the Abyss
   267 | D:1      | Reached * piety under Lugonu
   556 | D:1      | Gained mutation: You have large cloven feet. [demonic ancestry]
   556 | D:1      | Reached XP level 2. HP: 10/24 MP: 3/3
   945 | D:1      | Reached skill level 1 in Dodging
  1154 | D:1      | Gained mutation: Your flesh is heat resistant. [demonic ancestry]
  1154 | D:1      | Reached XP level 3. HP: 21/29 MP: 4/4
  1482 | D:1      | Reached ** piety under Lugonu
  1752 | D:1      | Gained mutation: You have hoof-like feet. [demonic ancestry]
  1752 | D:1      | Reached XP level 4. HP: 21/37 MP: 4/6
  1952 | D:2      | Noticed Crazy Yiuf
  1960 | D:2      | Slain by Crazy Yiuf

Skill      XL: |  1  2  3  4 |
---------------+-------------+-----
Axes           | 2 |  2.2
Armour         | 2 |  2.5
Dodging        | 1 |  1.8
Invocations    | 3 |  3.0
Fighting       | |  3.7

Action                   |  1- 3 |  4- 6 || total
-------------------------+-------+-------++-------
Melee: Hand axe          |   135 |    16 ||   151
       Kick              |    21 |     5 ||    26
Invok: Depart the Abyss  |     1 |       ||     1
  Use: Scroll            |     1 |       ||     1
       Potion            |       |     1 ||     1
 Stab: Sleeping          |     1 |       ||     1
  Eat: Chunk             |     2 |     2 ||     4
Armor: Leather armour    |    35 |       ||    35
       Ring mail         |    18 |     2 ||    20
Dodge: Dodged            |   113 |    10 ||   123
